 Dungeon Crawl Stone Soup version 0.27.1-34-g3ba077fa99 (webtiles) character file.

Game seed: 15064983907221646358

7154 pkoi the Zephyrmancer (level 10, -7/69 HPs)
             Began as a Red Draconian Air Elementalist on Jan 25, 2022.
             Was a Believer of Vehumet.
             Mangled by a boulder beetle (27 damage)
             ... on level 8 of the Dungeon.
             The game lasted 00:25:50 (18024 turns).

pkoi the Zephyrmancer (DrAE)                       Turns: 18024, Time: 00:25:51

Health: -7/69      AC:  9    Str: 10    XL:     10   Next: 86%
Magic:  22/22      EV: 12    Int: 31    God:    Vehumet [**....]
Gold:   423        SH:  0    Dex: 10    Spells: 10/25 levels left

rFire    + . .     SeeInvis .   p - +3 whip (venom)
rCold    + . .     Faith    .   (no shield)
rNeg     . . .     Spirit   .   (armour unavailable)
rPois    .         Reflect  .   (helmet restricted)
rElec    +         Harm     .   (no cloak)
rCorr    .         Rampage  .   B - +0 pair of gloves
Will     .....                  m - +0 pair of boots of the Land of Plenty {rElec Int+6 Dex-2}
Stlth    ++........             u - amulet of magic regeneration
HPRegen  0.21/turn              c - ring of protection from cold
MPRegen  0.43/turn              w - +6 ring of intelligence

@: short of breath
A: breathe fire, AC +7, unfitting armour, fire resistance 1, cold-blooded
a: Breathe Fire, Renounce Religion


You were on level 8 of the Dungeon.
You worshipped Vehumet.
Vehumet was pleased with you.
You visited 2 branches of the dungeon, and saw 10 of its levels.

You collected 436 gold pieces.
You spent 13 gold pieces at shops.

Inventory:

Hand Weapons
 j - a +0 short sword
 p - a +3 whip of venom (weapon)
Missiles
 d - 20 poisoned darts
Armour
 m - the +0 pair of boots of the Land of Plenty (worn) {rElec Int+6 Dex-2}
   (You found it on level 5 of the Dungeon)

   Int:       It affects your intelligence (+6).
   Dex:       It affects your dexterity (-2).
   rElec:     It insulates you from electricity.
 B - a +0 pair of gloves (worn)
Jewellery
 b - a +4 ring of protection
 c - a ring of protection from cold (left hand)
 i - a ring of resist corrosion
 r - a +6 ring of dexterity
 u - an amulet of magic regeneration (around neck)
 w - a +6 ring of intelligence (right hand)
Wands
 f - a wand of flame (30)
 o - a wand of polymorph (19)
 q - a wand of acid (7)
 s - a wand of digging (5)
 x - a wand of iceblast (10)
Scrolls
 a - 7 scrolls of teleportation
 e - 2 scrolls of immolation
 k - 4 scrolls of identify
 l - a scroll of enchant armour
 n - a scroll of summoning
 t - a scroll of enchant weapon
 y - 2 scrolls of magic mapping
 z - a scroll of brand weapon {unknown}
 A - a scroll of vulnerability {unknown}
 C - a scroll of acquirement {unknown}
Potions
 g - a potion of mutation
 h - 4 potions of curing
 v - a potion of haste


   Skills:
 - Level 1.7 Dodging
 - Level 1.7 Stealth
 + Level 8.2 Spellcasting
 - Level 7.5 Conjurations
 - Level 5.9 Fire Magic
 + Level 11.4 Air Magic


You had 10 spell levels left.
You knew the following spells:

 Your Spells              Type           Power      Damage    Failure   Level
a - Lightning Bolt        Conj/Air       32%        1d49      2%          5
b - Static Discharge      Conj/Air       64%        N/A       1%          2
c - Swiftness             Air            71%        N/A       1%          3
d - Airstrike             Air            35%        N/A       1%          4
e - Foxfire               Conj/Fire      100%       2x1d9     1%          1

Your spell library contained the following spells:

 Spells                   Type           Power      Damage    Failure   Level
 Frozen Ramparts          Ice            24%        1d4       12%         3
 Shock                    Conj/Air       100%       1d9       1%          1
 Stone Arrow              Conj/Erth      72%        3d11      2%          3
 Bolt of Magma            Conj/Fire/Erth 20%        4d10      17%         5
 Maxwell's Capacitive Co  Air            35%        ∞         93%         8
 Lehudib's Crystal Spear  Conj/Erth      18%        10d5      100%        8
 Shatter                  Erth           6%         3d9*      100%        9
 Animate Armour           Summ/Erth      Unusable   N/A       N/A         4

Dungeon Overview and Level Annotations

Branches:
Dungeon (9/15)             Temple (1/1) D:4            Lair (0/6) D:8
    Orc: D:9-12

Altars:
Ashenzari
Cheibriados
Dithmenos
Elyvilon
Fedhas
Gozag
Hepliaklqana
Kikubaaqudgha
Makhleb
Nemelex Xobeh
Okawaru
Qazlal
Ru
Sif Muna
Uskayaw
Vehumet
Wu Jian
Yredelemnul
Zin

Shops:
D:5 =   D:6 !*::(   D:9 *

Annotations:
D:2 1 runed translucent door, Crazy Yiuf
D:6 2 runed translucent doors, DrStoges's ghost, novice DjFE
D:8 3 runed translucent doors, Bearnado's ghost, novice MiBe
D:9 2 transporters, coolio's ghost, novice DrFi


Innate Abilities, Weirdness & Mutations

You can breathe blasts of fire.
Your fiery red scales are hard. (AC +7)
You cannot fit into any form of body armour.
Your flesh is heat resistant. (rF+)
You are cold-blooded and may be slowed by cold attacks.


Message History

The centaur warrior shoots an arrow.
The arrow closely misses you.
The centaur warrior shoots an arrow.
The arrow hits you!!
The boulder beetle hits you but does no damage.
The boulder beetle stops rolling and uncurls.
There is a stone staircase leading up, spattered with blood here.
The boulder beetle bites you but does no damage.
You climb upwards.
Level annotation: 3 runed translucent doors, Bearnado's ghost, novice MiBe
There is a stone staircase leading down here.
Press: ? - help, Shift-Dir - straight line, f - boulder beetle
Aim: a boulder beetle You breathe a blast of fire.
The fiery breath hits the boulder beetle but does no damage.
The boulder beetle is engulfed in blazing flames.
The boulder beetle misses you.
Unknown command.
You hit the boulder beetle but do no damage.
The boulder beetle is poisoned.
The boulder beetle is lightly wounded.
The boulder beetle is engulfed in blazing flames.
The boulder beetle bites you but does no damage.
You hit the boulder beetle but do no damage.
The boulder beetle looks as sick as possible!
The boulder beetle is moderately wounded.
The boulder beetle bites you!!
* * * LOW HITPOINT WARNING * * *
You hit the boulder beetle but do no damage.
The boulder beetle is heavily wounded.
The boulder beetle is engulfed in blazing flames.
The boulder beetle bites you!!
* * * LOW HITPOINT WARNING * * *
You completely miss the boulder beetle.
You tail-slap the boulder beetle, but do no damage.
The boulder beetle is severely wounded.
The boulder beetle is engulfed in blazing flames.
The boulder beetle barely misses you.
You feel better.
The boulder beetle is engulfed in blazing flames.
The boulder beetle bites you!!
You die...

.....##........#.#)#######.#
.....##........#.#.........#
.....###....##.#.###########
.......#....##.#.#
..)....#....##.#.#
.......#....##...#
.......#....###..#
(......#....# #.B#
####...#....# ##@#
#...#.†..# ### #####....#
#....# ######


You could see a boulder beetle (very poisoned).

Vanquished Creatures
  Harold (D:6)
  Joseph (D:8)
  2 centaur zombies
  A hornet (D:9)
  6 yaks
  2 steam dragons
  Menkaure (D:6)
  3 wargs (D:8)
  Edmund (D:5)
  A water moccasin (D:6)
  2 orc warriors
  An ice beast (D:8)
  2 sky beasts
  3 black bears
  2 ogres (D:6)
  2 centaurs
  A phantom (D:7)
  2 kobold brigands
  2 scorpions
  2 bullfrogs
  A water moccasin zombie (D:7)
  A water moccasin skeleton (D:6)
  7 killer bees
  17 wights
  An electric eel (D:6)
  4 jellies
  A hound (D:5)
  4 orc priests
  2 bullfrog skeletons
  2 centaur skeletons
  Terence (D:3)
  Jessica (D:3)
  10 orc wizards
  2 iguanas
  Natasha (thrice) (D:4)
  2 killer bee zombies
  A hound zombie (D:5)
  2 hound skeletons
  Robin (D:3)
  5 adders
  A white imp (D:5)
  A worm (D:3)
  5 dart slugs
  23 orcs
  9 endoplasms
  5 giant cockroaches
  17 goblins
  12 hobgoblins
  4 jackals (D:3)
  5 quokkas
  8 ball pythons
  8 bats
  4 frilled lizards
  9 kobolds
  6 rats
223 creatures vanquished.

Vanquished Creatures (others)
  159 foxfires
  4 fungi (D:2)
  13 plants
176 creatures vanquished.

Grand Total: 399 creatures vanquished

Notes
Turn   | Place    | Note
-------+----------+-------------------------------------------
     0 | D:1      | pkoi the Draconian Air Elementalist began the quest for the
                  | Orb.
     0 | D:1      | Reached XP level 1. HP: 14/14 MP: 3/3
   804 | D:1      | Reached XP level 2. HP: 20/20 MP: 1/5
  1847 | D:2      | Learned a level 2 spell: Static Discharge
  2027 | D:2      | Reached XP level 3. HP: 26/26 MP: 0/6
  2967 | D:2      | Noticed a black bear
  2978 | D:2      | Killed a black bear
  2979 | D:2      | Reached skill level 4 in Air Magic
  2979 | D:2      | Reached XP level 4. HP: 24/33 MP: 0/8
  3049 | D:2      | Learned a level 3 spell: Swiftness
  3064 | D:2      | Found a faded altar of an unknown god.
  3113 | D:2      | Reached XP level 5. HP: 38/38 MP: 4/9
  3950 | D:2      | Found a runed translucent door.
  3951 | D:2      | Noticed Crazy Yiuf
  4021 | D:3      | Noticed Jessica
  4027 | D:3      | Killed Jessica
  4241 | D:3      | Learned a level 4 spell: Airstrike
  4407 | D:3      | Noticed Robin
  4429 | D:3      | Killed Robin
  5080 | D:3      | Found a radiant altar of Vehumet.
  5087 | D:3      | Became a worshipper of Vehumet
  5441 | D:3      | Noticed Terence
  5457 | D:3      | Reached skill level 5 in Air Magic
  5457 | D:3      | Reached XP level 6. HP: 36/45 MP: 5/10
  5458 | D:3      | Killed Terence
  6624 | D:4      | Noticed Natasha
  6627 | D:4      | Killed Natasha
  6954 | D:4      | Reached skill level 5 in Conjurations
  6954 | D:4      | Your scales start taking on a fiery red colour.
  6954 | D:4      | Reached XP level 7. HP: 44/50 MP: 5/11
  6954 | D:4      | Gained mutation: Your flesh is heat resistant. (rF+) [Red
                  | Draconian growth]
  7038 | D:4      | Noticed Natasha
  7044 | D:4      | Killed Natasha
  7122 | D:4      | Found a staircase to the Ecumenical Temple.
  7249 | D:4      | Noticed Natasha
  7252 | D:4      | Killed Natasha
  7253 | D:4      | Reached skill level 6 in Air Magic
  7260 | Temple   | Entered the Ecumenical Temple
  7383 | D:4      | Found a shadowy altar of Dithmenos.
  7441 | D:4      | Reached * piety under Vehumet
  7441 | D:4      | Offered knowledge of Foxfire by Vehumet.
  7473 | D:4      | Learned a level 1 spell: Foxfire
  7872 | D:5      | Entered Level 5 of the Dungeon
  7928 | D:5      | Reached skill level 1 in Fire Magic
  7998 | D:5      | Identified the +0 pair of boots of the Land of Plenty
                  | {rElec Int+6 Dex-2}
  8783 | D:5      | Found Vuihuroz's Jewellery Shop.
  8801 | D:5      | Noticed Edmund
  8815 | D:5      | Killed Edmund
  8816 | D:5      | Reached XP level 8. HP: 41/57 MP: 12/12
  9183 | D:6      | Found a blossoming altar of Fedhas.
  9248 | D:6      | Found a large runed translucent door.
  9248 | D:6      | Found a large runed translucent door.
  9268 | D:6      | Found a shimmering blue altar of Sif Muna.
  9288 | D:6      | Reached skill level 7 in Air Magic
  9367 | D:6      | Noticed DrStoges's ghost (novice DjFE)
  9432 | D:6      | Noticed Menkaure
  9438 | D:6      | Killed Menkaure
  9669 | D:6      | Found a sacrificial altar of Ru.
  9866 | D:6      | Found Netoyvim's Book Shoppe.
  9868 | D:6      | Found Muick's Weapon Boutique.
  9868 | D:6      | Found Ogubrucis's Book Shop.
  9869 | D:6      | Found Yroaq's General Store.
  9869 | D:6      | Found Sihulos's Distillery.
  9928 | D:6      | Bought a potion of degeneration for 13 gold pieces
 10012 | D:6      | Reached skill level 5 in Fire Magic
 10064 | D:6      | Reached XP level 9. HP: 62/62 MP: 8/13
 10148 | D:6      | Reached skill level 8 in Air Magic
 11806 | D:7      | Noticed Harold
 11865 | D:6      | Killed Harold
 11866 | D:6      | Reached skill level 5 in Spellcasting
 11866 | D:6      | Reached skill level 9 in Air Magic
 12911 | D:6      | Reached ** piety under Vehumet
 12911 | D:6      | Offered knowledge of Poisonous Vapours by Vehumet.
 12912 | D:6      | Reached XP level 10. HP: 44/69 MP: 8/18
 13446 | D:7      | Reached skill level 10 in Air Magic
 14169 | D:8      | Found a runed translucent gate.
 14171 | D:8      | Found a runed translucent gate.
 14171 | D:8      | Noticed Bearnado's ghost (novice MiBe)
 14172 | D:8      | Noticed a nine-headed hydra
 14173 | D:8      | Found a runed translucent gate.
 14698 | D:8      | Noticed Joseph
 15216 | D:8      | Killed Joseph
 16211 | D:8      | Reached skill level 11 in Air Magic
 16626 | D:8      | Found a staircase to the Lair.
 16866 | D:8      | Offered knowledge of Frozen Ramparts by Vehumet.
 17200 | D:9      | Found Ohuffack's Lightly-Used Armoury.
 17256 | D:9      | Reached *** piety under Vehumet
 17430 | D:9      | Noticed coolio's ghost (novice DrFi)
 17493 | D:9      | Found a transporter.
 17564 | D:9      | Found a hazy altar of Hepliaklqana.
 17645 | D:9      | Found a transporter.
 17753 | D:9      | Learned a level 5 spell: Lightning Bolt
 17774 | D:9      | Noticed a centaur warrior
 18010 | D:9      | Noticed a boulder beetle
 18024 | D:8      | Mangled by a boulder beetle

Illustrated notes

Levels and vault maps discovered:
D:1:      mrwooster_arrival_statue, layout_basic
D:2:      layout_basic, shapermc_ecumenical_altar_ellora,
          chequers_hall_statues_wall_a, minmay_tripent, uniq_crazy_yiuf_cottage
D:3:      layout_basic, nicolae_vehumet_altar_sigil, kennysheep_generic_room_15,
          uniq_robin, uniq_terence, uniq_jessica
D:4:      layout_basic, grunt_dithmenos_smoke, minmay_temple_entry_stoned_glass,
          uniq_natasha
D:5:      layout_basic, serial_shops, shop, uniq_edmund
D:6:      layout_gridville, mainiacjoe_overflow_alcove_4,
          nicolae_sif_muna_condensation, nicolae_ru_sacrificial_ziggurat,
          ebering_ghost_disaster_area, minivault_1, nicolae_wooded_promenade,
          uniq_menkaure
D:7:      layout_cave_pools, nicolae_benzene_ring, uniq_harold
D:8:      layout_basic, erik_lair_orcish_takeover, gammafunk_ghost_hydra_chop,
          uniq_joseph
D:9:      layout_small_grid, nicolae_hepliaklqana_hazy_memory, tso_altar,
          nzn_ghost_randoct, minmay_shop_damaged, hangedman_minor_gate_pass
Temple:   cyrus_circular_temple

Skill      XL: |  1  2  3  4  5  6  7  8  9 10 |
---------------+-------------------------------+-----
Spellcasting   | 3 5 8 |  8.2
Conjurations   | 3 4 5 6 7 |  7.5
Air Magic      | 4 5 6 7 9 11 | 11.4
Fire Magic     | 3 5 |  5.9
Dodging        | |  1.7
Stealth        | |  1.7

Action                   |  1- 3 |  4- 6 |  7- 9 | 10-12 || total
-------------------------+-------+-------+-------+-------++-------
Melee: Unarmed           |    22 |       |       |       ||    22
       Short sword       |    12 |    20 |       |       ||    32
       Tailslap          |     3 |     7 |     9 |    10 ||    29
       Whip              |       |    37 |    89 |    45 ||   171
 Cast: Shock             |    76 |   153 |    27 |       ||   256
       Foxfire           |       |       |   101 |       ||   101
       Airstrike         |       |       |    44 |    91 ||   135
       Static Discharge  |       |       |       |     9 ||     9
 Abil: Breathe Fire      |       |       |     9 |     5 ||    14
  Use: Scroll            |       |     8 |     2 |     1 ||    11
       Potion            |       |     6 |     1 |     1 ||     8
 Stab: Sleeping          |     1 |       |       |       ||     1
       Distracted        |       |       |     1 |       ||     1
Armor: Skin              |    20 |    24 |    67 |    34 ||   145
Dodge: Dodged            |    54 |    53 |    83 |    52 ||   242
